 Dungeon Crawl Stone Soup version 0.26.1-11-gd32895ea62 (webtiles) character file.

Game seed: 3409888781916482999

1147 Zeld the Placeless Octopus (level 8, 36/50 HPs)
             Began as an Octopode Warper on May 19, 2021.
             Was an Initiate of Qazlal.
             Quit the game on level 6 of the Dungeon.
             The game lasted 00:12:13 (8922 turns).

Zeld the Placeless Octopus (Octopode Warper)        Turns: 8922, Time: 00:12:13

Health: 36/50      AC:  3    Str: 13    XL:     8   Next: 38%
Magic:  16/16      EV: 13    Int: 15    God:    Qazlal [......]
Gold:   241        SH:  0    Dex: 11    Spells: 3/18 levels left

rFire    . . .     SeeInvis .   o - +0 falchion
rCold    . . .     Faith    .   (no shield)
rNeg     . . .     Spirit   .   g - +2 hat
rPois    .         Reflect  .   (no amulet)
rElec    .         Harm     .   (no ring)
rCorr    .         Rampage  .   (no ring)
Will     .....                  (no ring)
Stlth    ++........             (no ring)
HPRegen  0.16/turn              (no ring)
MPRegen  0.15/turn              (no ring)
                                (no ring)
                                (no ring)

@: mildly poisoned (36 -> 26), slowed, very slow
A: almost no armour, stealthy swim, amphibious, 8 rings, constrict 8, camouflage
1, gelatinous body 1
a: Renounce Religion


You were on level 6 of the Dungeon.
You worshipped Qazlal.
Qazlal was noncommittal.
You visited 2 branches of the dungeon, and saw 8 of its levels.
You also visited: Sewer.

You collected 241 gold pieces.

Inventory:

Hand Weapons
 o - a +0 falchion (weapon)
Missiles
 c - 5 boomerangs of dispersal
 n - 8 boomerangs (quivered)
Armour
 g - a +2 hat (worn)
Jewellery
 a - a +4 ring of protection {unknown}
Scrolls
 b - a scroll of blinking
 j - a scroll of remove curse
Potions
 d - 3 potions of flight
 h - a potion of berserk rage {unknown}
 i - 3 potions of curing
 k - a potion of brilliance {unknown}
 m - a potion of invisibility {unknown}


   Skills:
 - Level 2.0 Fighting
 - Level 1.0 Throwing
 - Level 2.3 Dodging
 - Level 2.0 Unarmed Combat
 - Level 5.7 Spellcasting
 * Level 8.3 Translocations


You had 3 spell levels left.
You knew the following spells:

 Your Spells              Type           Power        Failure   Level
a - Blink                 Tloc           N/A          1%          2
b - Gell's Gravitas       Tloc           14%          1%          3
c - Lesser Beckoning      Tloc           14%          1%          3
d - Teleport Other        Tloc           29%          1%          3
e - Passage of Golubria   Tloc           N/A          4%          4

Your spell library contained the following spells:

 Spells                   Type           Power        Failure   Level


Dungeon Overview and Level Annotations

Branches:
Dungeon (7/15)             Temple (1/1) D:5           Sewer (visited)

Altars:
Ashenzari
Dithmenos
Elyvilon
Fedhas
Gozag
Hepliaklqana
Makhleb
Nemelex Xobeh
Okawaru
Qazlal
Ru
Sif Muna
Trog
Uskayaw
Vehumet
Wu Jian
Xom
Yredelemnul
Zin
The Shining One


Innate Abilities, Weirdness & Mutations

You cannot wear most types of armour.
You are very stealthy in the water. (Stealth+)
You are amphibious.
You can wear up to eight rings at the same time.
You can use your tentacles to constrict eight enemies at once.
Your skin changes colour to match your surroundings (Stealth+).
Your rubbery body absorbs attacks. (AC +1, EV +1)


Message History

You are poisoned.
The adder poisons you!
You are too injured to fight recklessly!
You feel much better.
You feel sick. The adder bites you.
You are more poisoned.
The adder poisons you!
You completely miss the adder. Your grab misses the adder.
Your squeeze misses the adder.
You feel sick. The adder bites you.
You are more poisoned.
The adder poisons you!
The orc wizard gestures at itself while chanting.
The orc wizard flickers and vanishes!
The adder bites you. The orc hits you with a +0 falchion.
The adder barely misses you. The orc closely misses you.
As you read the scroll of magic mapping, it crumbles to dust.
You feel aware of your surroundings.
You sensed 1 shop/portal.
You feel sick. The adder bites you but does no damage.
A sky beast appears from thin air!
Reactivating autopickup.
The orc hits you with a +0 falchion. The adder barely misses you.
Are you sure you want to abandon this character and quit the game? (Confirm with "yes".)

......#,*#o#*#.#.#*,,#,,,*** *,,*
....#.####.# #...#*,.#*,,,,* *,,*
........(..# #.#.##..**,**,***,,*
....#.####.###.#o..,,,.,,,,,,,,,*
....#.#........#.###..#,,,,,,,,,*
....#†#......#........#,****,,,,,
....#.#..≈≈≈≈..o.##...###***,≈≈≈≈
#(..#†#...≈....#S#**###≈#,,,,,,≈,
...[S.).≈..≈...#@# ##≈≈≈#***,,≈*,
#.............ZoY# #≈≈### **,,≈≈≈
h##S.............###≈≈#>###.≈.,≈≈
,*#####..##.##§§...{≈≈........≈≈*
,******............≈≈≈h.####..≈,≈
,,,,*,,...#####.##..h≈...# *≈,*≈,
,**,*,,+###**#.....≈≈≈...#**,≈,≈≈
,**,',,*,,,,≈#..#.≈.≈≈≈.....,,≈,,
,**,*,,*,,,,≈#.,#.≈.≈≈≈.≈###,,,*,


You could see a sky beast, an orc wizard, an adder, 2 orcs and a killer bee
zombie.

Vanquished Creatures
  Menkaure (D:5)
  A water moccasin (D:6)
  A black bear (D:6)
  An ogre (D:5)
  A centaur (D:6)
  A big kobold (Sewer)
  A scorpion (D:4)
  2 howler monkeys
  A crimson imp (D:3)
  An orc priest (D:3)
  A hound (D:4)
  A bullfrog skeleton (D:6)
  Ijyb (D:5)
  4 worker ants
  3 adders
  6 gnolls
  A river rat (Sewer)
  An ooze (D:3)
  2 dart slugs
  5 worms
  9 leopard geckos
  10 orcs
  3 ball pythons
  3 giant cockroaches
  4 goblins
  8 hobgoblins
  9 jackals
  9 kobolds
  2 quokkas
  A bat (D:3)
  A frilled lizard (D:1)
  7 rats
102 creatures vanquished.

Notes
Turn   | Place    | Note
-------+----------+-------------------------------------------
     0 | D:1      | Zeld the Octopode Warper began the quest for the Orb.
     0 | D:1      | Reached XP level 1. HP: 14/14 MP: 3/3
   482 | D:1      | Reached XP level 2. HP: 18/19 MP: 5/5
   838 | D:1      | Learned a level 2 spell: Blink
   868 | D:2      | Found an iron altar of Okawaru.
   873 | D:2      | Found a faded altar of an unknown god.
  1323 | D:2      | Reached XP level 3. HP: 24/24 MP: 7/7
  1327 | D:2      | Learned a level 3 spell: Gell's Gravitas
  1389 | D:2      | Learned a level 3 spell: Lesser Beckoning
  1516 | D:3      | HP: 1/24 [worm (12)]
  1939 | D:3      | Found a glowing drain.
  1945 | Sewer    | Entered a sewer
  2318 | Sewer    | Noticed a big kobold
  2338 | Sewer    | Killed a big kobold
  2339 | Sewer    | Reached XP level 4. HP: 9/29 MP: 8/10
  2339 | Sewer    | Reached XP level 5. HP: 11/34 MP: 9/12
  2596 | Sewer    | Found a glowing silver altar of Zin.
  2921 | D:3      | Learned a level 3 spell: Teleport Other
  3043 | D:3      | Reached skill level 5 in Spellcasting
  3133 | D:3      | Found a white marble altar of Elyvilon.
  3675 | D:3      | Found a shimmering altar of Xom.
  3676 | D:3      | Found a burning altar of Makhleb.
  3683 | D:3      | Reached XP level 6. HP: 37/39 MP: 12/14
  3688 | D:3      | Learned a level 4 spell: Passage of Golubria
  3795 | D:3      | Found a blossoming altar of Fedhas.
  4220 | D:4      | Reached skill level 4 in Translocations
  4912 | D:4      | Reached XP level 7. HP: 35/45 MP: 15/15
  5152 | D:4      | Reached skill level 5 in Translocations
  5551 | D:5      | Entered Level 5 of the Dungeon
  5711 | D:5      | Noticed Menkaure
  6437 | D:5      | Noticed Ijyb
  6464 | D:5      | Killed Ijyb
  6805 | D:5      | Killed Menkaure
  6806 | D:5      | Reached skill level 6 in Translocations
  7288 | D:5      | Found an opulent altar of Gozag.
  7340 | D:5      | Found a staircase to the Ecumenical Temple.
  7582 | Temple   | Entered the Ecumenical Temple
  7613 | Temple   | Became a worshipper of Qazlal Stormbringer
  7814 | D:6      | Reached skill level 7 in Translocations
  7814 | D:6      | Reached XP level 8. HP: 21/50 MP: 16/16
  8886 | D:6      | Reached skill level 8 in Translocations
  8922 | D:6      | Quit the game

Illustrated notes

Levels and vault maps discovered:
D:1:      zelgadis_glass_arrival_small, layout_basic, minmay_shallow_snake_nest
D:2:      layout_rooms, okawaru_ov_weapons_minmay,
          chequers_ecumenical_altar_island
D:3:      layout_basic, grunt_temple_overflow_champion_of_chaos,
          elyvilon_altar_5, gup_sewer_entry_pipe, minmay_misc_feat_enclosed,
          fountainhead, lemuel_statue_altar
D:4:      cheibrodos_quashed, layout_cave_pools
D:5:      layout_cave_pods, overflow_temple_1_default,
          minmay_temple_entry_glassed_door, chequers_serial_rivers_small_3,
          uniq_menkaure, uniq_ijyb
D:6:      layout_basic, serial_rivers, chequers_serial_rivers_room_a,
          chequers_serial_rivers_small_3, chequers_serial_rivers_micro_c,
          chequers_serial_rivers_marsh, chequers_serial_rivers_marsh,
          chequers_serial_rivers_small_3, serial_shops, nicolae_shop_trees,
          uniq_crazy_yiuf_cottage, uniq_pikel
D:7:      layout_basic
Temple:   regret_index_temple_waves

Skill      XL: |  1  2  3  4  5  6  7  8 |
---------------+-------------------------+-----
Spellcasting   | 3 4 5 |  5.7
Translocations | 4 7 8 |  8.3
Fighting       | |  2.0
Throwing       | |  1.0
Dodging        | |  2.3
Unarmed Combat | |  2.0

Action                   |  1- 3 |  4- 6 |  7- 9 || total
-------------------------+-------+-------+-------++-------
Melee: Unarmed           |   108 |   145 |    35 ||   288
       Constrict         |    32 |    38 |    21 ||    91
       Tentacles         |    14 |    34 |    35 ||    83
       Punch             |     3 |     2 |       ||     5
       Falchion          |       |       |    84 ||    84
 Cast: Blink             |     1 |       |     2 ||     3
  Use: Potion            |     4 |       |     2 ||     6
       Scroll            |     1 |       |     8 ||     9
 Stab: Sleeping          |     4 |     6 |     5 ||    15
Armor: Skin              |    16 |    23 |    16 ||    55
Dodge: Dodged            |    61 |    72 |    86 ||   219
       Rpst.: Falchion   |       |       |    20 ||    20
